 Dungeon Crawl Stone Soup version 0.25-a0-589-g1e14c549ee (webtiles) character file.

Game seed: 16284792752727008343, levelgen mode: deterministic

93 Essalna the Firebug (level 4, -5/24 HPs)
             Began as a Gargoyle Fire Elementalist on Mar 11, 2020.
             Slain by a hornet zombie (8 damage)
             ... on level 3 of the Dungeon.
             The game lasted 00:05:22 (1358 turns).

Essalna the Firebug (Gargoyle Fire Elementalist)    Turns: 1358, Time: 00:05:22

Health: -5/24      AC:  7    Str: 11    XL:     4   Next: 61%
Magic:  3/17       EV: 12    Int: 17    God:
Gold:   98         SH:  0    Dex: 10    Spells: 7/8 levels left

rFire    . . .     SeeInvis .   j - +0 dagger
rCold    . . .     Gourm    .   (no shield)
rNeg     + . .     Faith    .   a - +0 robe
rPois    ∞         Spirit   .   (no helmet)
rElec    +         Reflect  .   (no cloak)
rCorr    .         Harm     .   (no gloves)
MR       .....                  (no boots)
Stlth    ++........             (no amulet)
HPRegen  0.08/turn              i - +2 ring of protection
MPRegen  0.15/turn              k - ring of magical power

@: no status effects
A: negative energy resistance 1, electricity resistance, unbreathing,
petrification resistance, rot immunity, AC +3
a: no special abilities


You were on level 3 of the Dungeon.
You were not hungry.

You visited 1 branch of the dungeon, and saw 3 of its levels.

You collected 98 gold pieces.

Inventory:

Hand Weapons
 j - a +0 dagger (weapon)
Armour
 a - a +0 robe (worn)
Jewellery
 i - a +2 ring of protection (left hand)
 k - a ring of magical power (right hand)
Scrolls
 e - 3 scrolls of teleportation {unknown}
 g - a scroll of identify {unknown}
 h - a scroll of remove curse {unknown}
Potions
 b - a potion of cancellation {unknown}
 d - 2 potions of might {unknown}
 f - 2 potions of berserk rage {unknown}
 m - 2 potions of heal wounds {unknown}
 n - a potion of stabbing {unknown}
 o - a potion of haste {unknown}
Comestibles
 c - 3 rations
 l - 3 chunks of flesh


   Skills:
 - Level 1.5 Dodging
 - Level 2.1 Stealth
 + Level 2.9 Spellcasting
 + Level 2.8 Conjurations
 + Level 3.8 Fire Magic


You had 7 spell levels left.
You knew the following spells:

 Your Spells              Type           Power        Failure   Level  Hunger
a - Foxfire               Conj/Fire      ##..         4%          1    None

Your spell library contained the following spells:

 Spells                   Type           Power        Failure   Level  Hunger
 Conjure Flame            Conj/Fire      ##......     13%         3    ###....
 Inner Flame              Hex/Fire       #.......     24%         3    ###....
 Sticky Flame             Conj/Fire      ##......     41%         4    ####...
 Fireball                 Conj/Fire      ##........   77%         5    ######.


Dungeon Overview and Level Annotations

Branches:
Dungeon (3/15)

Altars:

Annotations:
D:3 2 transporters, Forecaster's ghost, amateur NaWz


Innate Abilities, Weirdness & Mutations

You are resistant to torment.
Your stone body is resilient. (AC +3)
You are immune to poison.
You resist negative energy. (rN+)
You are resistant to electric shocks. (rElec)
You can survive without breathing.
You are immune to petrification.
You are immune to rotting.


Message History

The adder is moderately wounded.
The foxfire hits the adder.
The adder is severely wounded.
The adder closely misses you. The adder bites you but does no damage.
Casting: Foxfire (safe; 4% risk of failure)
Confirm with . or Enter, or press ? or * to list all spells.
You conjure some foxfire!
The adder bites you.
* * * LOW HITPOINT WARNING * * *
Casting: Foxfire (safe; 4% risk of failure)
Confirm with . or Enter, or press ? or * to list all spells.
Nothing appears to happen.
The foxfire hits the adder.
The adder is almost dead.
The foxfire hits the adder.
You kill the adder!
The foxfire hits the hornet zombie.
The hornet zombie is almost destroyed.
The foxfire hits the hornet zombie but does no damage.
The hornet zombie is almost destroyed.
The hornet zombie hits you!
You die...

#.# #.<........
#.# #.##..<.##.
#.# #.##.......
#.# #.##....##.#
#.# #.##....##.##
#.# #.##.........
#.# #.##§...#....
#.# #..Z.§.......
#.# ####@§.......
#.#######§..##..
#...........#
#########........
##....... ######.


You could see a hornet zombie.

Vanquished Creatures
  A worker ant (D:2)
  2 adders
  An ooze (D:1)
  A dart slug (D:2)
  2 giant cockroaches (D:2)
  5 goblins
  5 hobgoblins
  8 jackals
  A quokka (D:2)
  7 bats
  A frilled lizard (D:1)
  2 kobolds (D:2)
  5 rats (D:1)
41 creatures vanquished.

Vanquished Creatures (others)
  A hobgoblin (D:2)
  A jackal (D:2)
  107 foxfires
109 creatures vanquished.

Grand Total: 150 creatures vanquished

Notes
Turn   | Place    | Note
-------+----------+-------------------------------------------
     0 | D:1      | Essalna the Gargoyle Fire Elementalist began the quest for
                  | the Orb.
     0 | D:1      | Reached XP level 1. HP: 10/10 MP: 3/3
     3 | D:1      | You fall into a shaft and drop 1 floor!
    11 | D:2      | Reached XP level 2. HP: 15/15 MP: 0/5
   269 | D:1      | Reached XP level 3. HP: 9/19 MP: 0/6
   973 | D:2      | Reached XP level 4. HP: 24/24 MP: 8/8
  1254 | D:3      | Found a transporter.
  1254 | D:3      | Found a transporter.
  1254 | D:3      | Noticed Forecaster's ghost (amateur NaWz)
  1255 | D:3      | Identified the +1 dire flail of Prudence {freeze, rC+++ MR-
                  | Str+4 Stlth+}
  1255 | D:3      | Noticed an ogre
  1256 | D:3      | Noticed an ogre
  1358 | D:3      | Slain by a hornet zombie

Levels and vault maps discovered:
D:1:      minmay_arrival_four_circles, layout_basic, minmay_misc_feat_enclosed
D:2:      layout_rooms, first_ration, lemuel_old_faithful
D:3:      layout_loops_ring, gammafunk_ghost_smash, kennysheep_orc_chapel

Skill      XL: |  1  2 |
---------------+-------+-----
Conjurations   | 2 |  2.8
Dodging        | |  1.5
Stealth        | |  2.1
Spellcasting   | |  2.9
Fire Magic     | |  3.8

Action                   |  1- 3 |  4- 6 || total
-------------------------+-------+-------++-------
Melee: Unarmed           |    18 |       ||    18
       Dagger            |    35 |    34 ||    69
 Cast: Foxfire           |    35 |    27 ||    62
 Stab: Sleeping          |     1 |     1 ||     2
  Eat: Chunk             |     1 |     1 ||     2
Armor: Robe              |    41 |    25 ||    66
Dodge: Dodged            |    38 |    37 ||    75

Table legend:
 A = Non-vault XP
 B = Vault XP
 C = Vault XP percentage of total XP
 D = Non-vault monster count
 E = Vault monster count
 F = Vault count percentage of total count
                 A         B        C        D         E       F
            +---------+---------+-------+---------+---------+-------
      Total |     133 |       0 |   0.0 |      43 |       0 |   0.0
            +---------+---------+-------+---------+---------+-------
        D:1 |      29 |       0 |   0.0 |      17 |       0 |   0.0
        D:2 |      86 |       0 |   0.0 |      22 |       0 |   0.0
        D:3 |      18 |       0 |   0.0 |       4 |       0 |   0.0
            +---------+---------+-------+---------+---------+-------
